APL (24 & UNDER)
PENSACOLA PILOTS @ EL PASO TEXANS
09/15/2028
 
TOP OF THE 1ST
Pensacola Pilots batting - Pitching for El Paso Texans : RHP António Lara
Pitching: RHP António Lara
Batting: RHB Brandon Townsley 0-0: DOUBLE (Line Drive, 7LM)
Batting: SHB Fernando Gutiérrez 0-0: Ball
1-0: Ball
2-0: Foul Ball, location: 2F
2-1: Ball
3-1: SINGLE (Flyball, 7S)
Brandon Townsley to third
Runner from 3rd tries for Home, SAFE, no throw
Batting: RHB Aaron Grizzle 0-0: Ball
1-0: Ball
2-0: Ball
3-0: Called Strike
3-1: Base on Balls
Fernando Gutiérrez to second
Batting: SHB Hang-ki Yue 0-0: Ball
1-0: Swinging Strike
1-1: Ball
2-1: Foul Ball, location: 2F
2-2: Ball
3-2: Foul Ball, location: 2F
3-2: Base on Balls
Fernando Gutiérrez to third
Aaron Grizzle to second
Batting: RHB Juan Jose López 0-0: Ball
1-0: Ball
2-0: Called Strike
2-1: Foul Ball, location: 2F
2-2: Ball
3-2: Base on Balls
Fernando Gutiérrez scores
Aaron Grizzle to third
Hang-ki Yue to second
Batting: RHB Tony Pulla 0-0: Called Strike
0-1: Foul Ball, location: 2F
0-2: Ball
1-2: Ball
2-2: SINGLE (Line Drive, 9S)
Aaron Grizzle scores
Hang-ki Yue to third
Juan Jose López to second
Batting: LHB Joe Storms 0-0: Called Strike
0-1: Fly out, F7 (Flyball, 7LM)
Runner from 3rd tags up, SCORES, no throw
Batting: RHB Juan González 0-0: Ball
1-0: Ball
2-0: Ball
3-0: Base on Balls
Juan Jose López to third
Tony Pulla to second
Batting: RHB Albert Morán 0-0: Ball
1-0: Fly out, F8 (Flyball, 8LD)
Runner from 3rd tags up, SCORES, no throw
Batting: RHB Brandon Townsley 0-0: Swinging Strike
0-1: Ball
1-1: Foul Ball, location: 2F
1-2: Ball
2-2: Foul Ball, location: 2F
2-2: Foul Ball, location: 2F
2-2: Foul Ball, location: 2F
2-2: Ball
3-2: Foul Ball, location: 2F
3-2: Base on Balls
Tony Pulla to third
Juan González to second
Batting: SHB Fernando Gutiérrez 0-0: SINGLE (Line Drive, 78M)
Tony Pulla scores
Juan González to third
Brandon Townsley to second
Batting: RHB Aaron Grizzle 0-0: SINGLE (Line Drive, 56D)
Juan González scores
Brandon Townsley to third
Fernando Gutiérrez to second
Runner from 3rd tries for Home, SAFE, no throw
Pitching: RHP Oscar Martin
Batting: SHB Hang-ki Yue 0-0: Called Strike
0-1: Ball
1-1: SINGLE (Groundball, 4MD)
Fernando Gutiérrez to third
Aaron Grizzle to second
Runner from 3rd tries for Home, SAFE, no throw
Batting: RHB Juan Jose López 0-0: Ball
1-0: Called Strike
1-1: Fielders Choice at 2nd, 5-4 (Groundball, 5)
Top of the 1st over - 9 run(s), 6 hit(s), 0 error(s), 1 left on base; Pensacola 9 - El Paso 0
BOTTOM OF THE 1ST
El Paso Texans batting - Pitching for Pensacola Pilots : RHP Germán Santos
Pitching: RHP Germán Santos
Batting: LHB Mark Spencer 0-0: Ball
1-0: Ball
2-0: Foul Ball, location: 2F
2-1: Foul Ball, location: 2F
2-2: Ball
3-2: Foul Ball, location: 2F
3-2: Base on Balls
Batting: RHB Cole Boehmer 0-0: Called Strike
0-1: Called Strike
0-2: Strikes out looking
Batting: SHB Richie Gallegos 0-0: Called Strike
Mark Spencer steals 2nd base
0-1: SINGLE (Groundball, 6MS) (infield hit)
Mark Spencer to third
Batting: RHB Rafael Crus 0-0: Called Strike
0-1: Called Strike
0-2: Fly out, F1 (Line Drive, 15S)
Lined into DP, 1-3 (Line Drive, 15S)
Bottom of the 1st over - 0 run(s), 1 hit(s), 0 error(s), 1 left on base; Pensacola 9 - El Paso 0
TOP OF THE 2ND
Pensacola Pilots batting - Pitching for El Paso Texans : RHP Oscar Martin
Batting: RHB Tony Pulla 0-0: Ball
1-0: Called Strike
1-1: Ball
2-1: Foul Ball, location: 2F
2-2: SINGLE (Flyball, 89S)
Batting: LHB Joe Storms 0-0: Ball
1-0: Called Strike
1-1: Ball
2-1: Ball
3-1: Foul Ball, location: 2F
3-2: Foul Ball, location: 2F
3-2: Strikes out swinging
Batting: RHB Juan González 0-0: Called Strike
Tony Pulla steals 2nd base
0-1: Ground out U3 (Groundball, 3L)
Tony Pulla to third
Batting: RHB Albert Morán 0-0: DOUBLE (Line Drive, 8LM)
Tony Pulla scores
Batting: RHB Brandon Townsley 0-0: Swinging Strike
0-1: Fly out, F7 (Flyball, 7D)
Top of the 2nd over - 1 run(s), 2 hit(s), 0 error(s), 1 left on base; Pensacola 10 - El Paso 0
BOTTOM OF THE 2ND
El Paso Texans batting - Pitching for Pensacola Pilots : RHP Germán Santos
Batting: RHB Javier Álvarez 0-0: Ball
1-0: Ball
2-0: Called Strike
2-1: Foul Ball, location: 2F
2-2: Ball
3-2: Strikes out swinging
Batting: RHB Andrew O'Dell 0-0: Ball
1-0: Ball
2-0: Called Strike
2-1: SOLO HOME RUN (Flyball, 78XD), Distance : 410 ft
Batting: LHB Cipriano Rangel 0-0: Ball
1-0: Fly out, F9 (Flyball, 9)
Batting: LHB Dave Tucker 0-0: Ball
1-0: Called Strike
1-1: Foul Ball, location: 2F
1-2: Ball
2-2: Ball
3-2: Base on Balls
Batting: SHB Miguel Hurtado 0-0: Called Strike
0-1: Ball
Passed Ball!
Dave Tucker to second
1-1: Called Strike
1-2: Foul Ball, location: 2F
1-2: Ball
2-2: Strikes out swinging
Bottom of the 2nd over - 1 run(s), 1 hit(s), 0 error(s), 1 left on base; Pensacola 10 - El Paso 1
TOP OF THE 3RD
Pensacola Pilots batting - Pitching for El Paso Texans : RHP Oscar Martin
Batting: SHB Fernando Gutiérrez 0-0: Called Strike
0-1: Foul Ball, location: 2F
0-2: Foul Ball, location: 2F
0-2: Ground out 5-3 (Groundball, 56)
Batting: RHB Aaron Grizzle 0-0: Called Strike
0-1: Ball
1-1: Swinging Strike
1-2: Foul Ball, location: 2F
1-2: Ball
2-2: Ground out 6-3 (Groundball, 6)
Batting: SHB Hang-ki Yue 0-0: Called Strike
0-1: Ball
1-1: Called Strike
1-2: Strikes out swinging
Top of the 3rd over - 0 run(s), 0 hit(s), 0 error(s), 0 left on base; Pensacola 10 - El Paso 1
BOTTOM OF THE 3RD
El Paso Texans batting - Pitching for Pensacola Pilots : RHP Germán Santos
Batting: LHB Mark Spencer 0-0: Foul Ball, location: 2F
0-1: Ball
1-1: Fly out, F7 (Flyball, 7)
Batting: RHB Cole Boehmer 0-0: Called Strike
0-1: Ball
1-1: Swinging Strike
1-2: Ball
2-2: Foul Ball, location: 2F
2-2: Ball
3-2: Base on Balls
Batting: SHB Richie Gallegos 0-0: Grounds into double play, 4-6-3 (Groundball, 4)
Bottom of the 3rd over - 0 run(s), 0 hit(s), 0 error(s), 0 left on base; Pensacola 10 - El Paso 1
TOP OF THE 4TH
Pensacola Pilots batting - Pitching for El Paso Texans : RHP Oscar Martin
Batting: RHB Juan Jose López 0-0: Ball
1-0: Swinging Strike
1-1: Called Strike
1-2: Ball
2-2: Foul Ball, location: 2F
2-2: Foul Ball, location: 2F
2-2: Foul Ball, location: 2F
2-2: Strikes out swinging
Batting: RHB Tony Pulla 0-0: Ball
1-0: Called Strike
1-1: Swinging Strike
1-2: Ball
2-2: Foul Ball, location: 2F
2-2: SINGLE (Groundball, 6MD)
Batting: LHB Joe Storms 0-0: Ball
1-0: Ball
2-0: Ball
3-0: Base on Balls
Tony Pulla to second
Batting: RHB Juan González 0-0: Ball
1-0: Ball
2-0: Ball
3-0: Foul Ball, location: 2F
3-1: Foul Ball, location: 2F
3-2: Base on Balls
Tony Pulla to third
Joe Storms to second
Batting: RHB Albert Morán 0-0: Ball
1-0: Ball
2-0: Grounds into double play, 6-4-3 (Groundball, 6)
Top of the 4th over - 0 run(s), 1 hit(s), 0 error(s), 2 left on base; Pensacola 10 - El Paso 1
BOTTOM OF THE 4TH
El Paso Texans batting - Pitching for Pensacola Pilots : RHP Germán Santos
Batting: RHB Rafael Crus 0-0: Called Strike
0-1: Ball
1-1: Ball
2-1: Foul Ball, location: 2F
2-2: Ground out 6-3 (Groundball, 6)
Batting: RHB Javier Álvarez 0-0: Ball
1-0: Foul Ball, location: 2F
1-1: Called Strike
1-2: Foul Ball, location: 2F
1-2: Ball
2-2: Ball
3-2: Strikes out swinging
Batting: RHB Andrew O'Dell 0-0: Ball
1-0: Swinging Strike
1-1: Foul Ball, location: 2F
1-2: Foul Ball, location: 2F
1-2: Strikes out swinging
Bottom of the 4th over - 0 run(s), 0 hit(s), 0 error(s), 0 left on base; Pensacola 10 - El Paso 1
TOP OF THE 5TH
Pensacola Pilots batting - Pitching for El Paso Texans : RHP Oscar Martin
Batting: RHB Brandon Townsley 0-0: Ball
1-0: Ground out 5-3 (Groundball, 5D)
Batting: SHB Fernando Gutiérrez 0-0: Called Strike
0-1: Ball
1-1: Ball
2-1: Foul Ball, location: 2F
2-2: Ground out 4-3 (Groundball, 34D)
Batting: RHB Aaron Grizzle 0-0: Ball
1-0: Foul Ball, location: 2F
1-1: Fly out, F6 (Popup, 6MS)
Top of the 5th over - 0 run(s), 0 hit(s), 0 error(s), 0 left on base; Pensacola 10 - El Paso 1
BOTTOM OF THE 5TH
El Paso Texans batting - Pitching for Pensacola Pilots : RHP Germán Santos
Batting: LHB Cipriano Rangel 0-0: SINGLE (Line Drive, 9S)
Batting: LHB Dave Tucker 0-0: Ball
1-0: Ball
2-0: Called Strike
2-1: Foul Ball, location: 2F
2-2: Ball
3-2: SINGLE (Groundball, 4MD)
Cipriano Rangel to second
Batting: SHB Miguel Hurtado 0-0: Ball
1-0: Ball
2-0: Ball
3-0: Base on Balls
Cipriano Rangel to third
Dave Tucker to second
Batting: LHB Mark Spencer 0-0: Called Strike
0-1: Called Strike
0-2: Ball
1-2: Strikes out looking
Batting: RHB Cole Boehmer 0-0: Called Strike
0-1: Called Strike
0-2: Strikes out looking
Pitching: RHP Pedro Bueno
Batting: SHB Richie Gallegos 0-0: Called Strike
0-1: SINGLE (Groundball, 6MD)
Cipriano Rangel scores
Dave Tucker to third
Miguel Hurtado to second
Runner from 3rd tries for Home, SAFE, no throw
Batting: RHB Rafael Crus 0-0: Called Strike
0-1: Called Strike
0-2: Strikes out looking
Bottom of the 5th over - 2 run(s), 3 hit(s), 0 error(s), 2 left on base; Pensacola 10 - El Paso 3
TOP OF THE 6TH
Pensacola Pilots batting - Pitching for El Paso Texans : RHP Oscar Martin
Batting: SHB Hang-ki Yue 0-0: Ground out 3-1 (Groundball, 34)
Batting: RHB Juan Jose López 0-0: Ball
1-0: Called Strike
1-1: SINGLE (Line Drive, 78M)
Pitching: RHP Derek Baker
Batting: RHB Tony Pulla 0-0: Ball
Wild Pitch!
Juan Jose López to second
1-0: Called Strike
1-1: Called Strike
1-2: Ball
2-2: Strikes out swinging
Batting: LHB Joe Storms 0-0: Swinging Strike
0-1: Called Strike
0-2: Ball
1-2: Strikes out swinging
Top of the 6th over - 0 run(s), 1 hit(s), 0 error(s), 1 left on base; Pensacola 10 - El Paso 3
BOTTOM OF THE 6TH
El Paso Texans batting - Pitching for Pensacola Pilots : RHP Pedro Bueno
Batting: RHB Javier Álvarez 0-0: Ball
1-0: Called Strike
1-1: Ball
2-1: SINGLE (Flyball, 89S)
Batting: RHB Andrew O'Dell 0-0: Ball
1-0: Called Strike
1-1: TRIPLE (Line Drive, 78D)
Javier Álvarez scores
Batting: LHB Cipriano Rangel 0-0: Called Strike
0-1: Ball
1-1: Called Strike
1-2: Foul Ball, location: 2F
1-2: Foul Ball, location: 2F
1-2: Foul Ball, location: 2F
1-2: Strikes out looking
Batting: LHB Dave Tucker 0-0: Called Strike
0-1: Ball
1-1: Called Strike
1-2: Ball
2-2: Ball
3-2: Strikes out swinging
Batting: SHB Miguel Hurtado 0-0: Ball
1-0: Ball
2-0: Ball
3-0: Base on Balls
Batting: LHB Mark Spencer 0-0: Ball
Pickoff Throw to First - Out!
Bottom of the 6th over - 1 run(s), 2 hit(s), 0 error(s), 0 left on base; Pensacola 10 - El Paso 4
TOP OF THE 7TH
Pensacola Pilots batting - Pitching for El Paso Texans : RHP Derek Baker
Batting: RHB Juan González 0-0: Ball
1-0: Called Strike
1-1: Foul Ball, location: 2F
1-2: Ball
2-2: Ground out 6-3 (Groundball, 6)
Batting: RHB Albert Morán 0-0: Called Strike
0-1: Called Strike
0-2: Ball
1-2: Strikes out swinging
Batting: RHB Brandon Townsley 0-0: Ball
1-0: Foul Ball, location: 2F
1-1: Called Strike
1-2: Ball
2-2: Strikes out swinging
Top of the 7th over - 0 run(s), 0 hit(s), 0 error(s), 0 left on base; Pensacola 10 - El Paso 4
BOTTOM OF THE 7TH
El Paso Texans batting - Pitching for Pensacola Pilots : RHP Pedro Bueno
Batting: LHB Mark Spencer 0-0: Ball
1-0: Foul Ball, location: 2F
1-1: Ball
2-1: SINGLE (Groundball, 3D)
Batting: RHB Cole Boehmer 0-0: Swinging Strike
0-1: Ball
1-1: Called Strike
1-2: Foul Ball, location: 2F
1-2: Foul Ball, location: 2F
1-2: Ball
2-2: Ball
3-2: Strikes out swinging
Batting: SHB Richie Gallegos 0-0: SINGLE (Line Drive, 78S)
Mark Spencer to second
Batting: RHB Rafael Crus 0-0: Foul Ball, location: 2F
0-1: Ball
1-1: Swinging Strike
1-2: Ball
2-2: Strikes out swinging
Batting: RHB Javier Álvarez 0-0: Foul Ball, location: 2F
0-1: Ball
1-1: Swinging Strike
1-2: Foul Ball, location: 2F
1-2: Ground out 5-3 (Groundball, 56S)
Bottom of the 7th over - 0 run(s), 2 hit(s), 0 error(s), 2 left on base; Pensacola 10 - El Paso 4
TOP OF THE 8TH
Pensacola Pilots batting - Pitching for El Paso Texans : RHP Derek Baker
Batting: SHB Fernando Gutiérrez 0-0: Swinging Strike
0-1: Called Strike
0-2: Strikes out looking
Batting: RHB Aaron Grizzle 0-0: Ball
1-0: SINGLE (Groundball, 6MD)
Batting: SHB Hang-ki Yue 0-0: Ball
1-0: Foul Ball, location: 2F
1-1: Fly out, F8 (Flyball, 8LM)
Batting: RHB Juan Jose López 0-0: Called Strike
0-1: SINGLE (Groundball, 56S) (infield hit)
Aaron Grizzle to second
Batting: RHB Tony Pulla 0-0: SINGLE (Line Drive, 89S)
Aaron Grizzle to third
Juan Jose López to second
Batting: LHB Joe Storms 0-0: Ball
1-0: Ball
2-0: Called Strike
2-1: Ball
3-1: Swinging Strike
3-2: Foul Ball, location: 2F
3-2: Foul Ball, location: 2F
3-2: Base on Balls
Aaron Grizzle scores
Juan Jose López to third
Tony Pulla to second
Batting: RHB Juan González 0-0: Ground out 5-3 (Groundball, 5S)
Top of the 8th over - 1 run(s), 3 hit(s), 0 error(s), 3 left on base; Pensacola 11 - El Paso 4
BOTTOM OF THE 8TH
El Paso Texans batting - Pitching for Pensacola Pilots : RHP Pedro Bueno
Pitching: RHP Armando López
Now at C: Larry Crawford
Now at SS: José Herrera
Batting: RHB Andrew O'Dell 0-0: Swinging Strike
0-1: Ball
1-1: Fly out, F9 (Line Drive, 89M)
Batting: LHB Cipriano Rangel 0-0: Ball
1-0: Ball
2-0: Ball
3-0: Called Strike
3-1: Called Strike
3-2: Fly out, F7 (Flyball, 78S)
Batting: LHB Dave Tucker 0-0: Called Strike
0-1: Foul Ball, location: 2F
0-2: Ball
1-2: Foul Ball, location: 2F
1-2: Ball
2-2: Ball
3-2: Strikes out swinging
Bottom of the 8th over - 0 run(s), 0 hit(s), 0 error(s), 0 left on base; Pensacola 11 - El Paso 4
TOP OF THE 9TH
Pensacola Pilots batting - Pitching for El Paso Texans : RHP Derek Baker
Batting: RHB Albert Morán 0-0: Foul Ball, location: 2F
0-1: Foul Ball, location: 2F
0-2: Ball
1-2: Strikes out swinging
Batting: RHB Brandon Townsley 0-0: Called Strike
0-1: Hit by Pitch
Batting: SHB Fernando Gutiérrez 0-0: Called Strike
0-1: Called Strike
0-2: Ball
1-2: Ball
2-2: Foul Ball, location: 2F
2-2: Ball
3-2: Foul Ball, location: 2F
3-2: SINGLE (Flyball, 8LS)
Brandon Townsley to second
Pitching: RHP Mike Church
Batting: RHB Aaron Grizzle 0-0: Swinging Strike
0-1: Swinging Strike
0-2: Strikes out swinging
Batting: SHB Hang-ki Yue 0-0: Foul Ball, location: 2F
0-1: Ball
1-1: Foul Ball, location: 2F
1-2: Foul Ball, location: 2F
1-2: Ground out U3 (Groundball, 34)
Top of the 9th over - 0 run(s), 1 hit(s), 0 error(s), 2 left on base; Pensacola 11 - El Paso 4
BOTTOM OF THE 9TH
El Paso Texans batting - Pitching for Pensacola Pilots : RHP Armando López
Now at 2B: Jonny Lord
Batting: SHB Miguel Hurtado 0-0: Called Strike
0-1: Ball
1-1: Ball
2-1: Foul Ball, location: 2F
2-2: Ball
3-2: Foul Ball, location: 2F
3-2: Strikes out swinging
Batting: LHB Mark Spencer 0-0: Ball
1-0: Swinging Strike
1-1: Ball
2-1: Ground out 5-3 (Groundball, 2L)
Batting: RHB Cole Boehmer 0-0: Swinging Strike
0-1: Ball
1-1: Ball
2-1: SINGLE (Groundball, 4D)
Batting: SHB Richie Gallegos 0-0: Called Strike
0-1: Swinging Strike
0-2: Foul Ball, location: 2F
0-2: Fly out, F7 (Line Drive, 7D)
Bottom of the 9th over - 0 run(s), 1 hit(s), 0 error(s), 1 left on base; Pensacola 11 - El Paso 4
Tuesday, August 8th, 2017 - OOTP Baseball 17.12 Build 75